 Dungeon Crawl Stone Soup version 0.25.1-2-g60ff931df9 (webtiles) character file.

Game seed: 7471046902542488947

16884 McKennaii the Basher (level 12, -3/74 HPs)
             Began as a Gargoyle Fighter on Oct 6, 2020.
             Was an Elder of Qazlal.
             Killed from afar by Azrael (15 damage)
             ... with damnation
             ... on level 12 of the Dungeon.
             The game lasted 00:30:37 (12094 turns).

McKennaii the Basher (Gargoyle Fighter)            Turns: 12094, Time: 00:30:38

Health: -3/74      AC: 28    Str: 30    XL:     12   Next: 42%
Magic:  0/25       EV: 10    Int: 11    God:    Qazlal [****..]
Gold:   430        SH: 19    Dex: 14    Spells: 11/11 levels left

rFire    . . .     SeeInvis +   C - +6 mace "Foun Jia" {vorpal, rElec rC+ rN++ Dex-2}
rCold    + . .     Gourm    .   c - +0 kite shield
rNeg     + + +     Faith    .   K - +5 scale mail "Qij Xumm" {+Fly MP+9 Str+2}
rPois    ∞         Spirit   +   p - +2 helmet {SInv}
rElec    +         Reflect  .   R - +0 cloak
rCorr    .         Harm     .   (no gloves)
MR       .....                  k - +0 pair of boots
Stlth    ..........             j - amulet of guardian spirit
HPRegen  0.22/turn              I - +6 ring of dexterity
MPRegen  0.19/turn              B - +6 ring of strength

@: mighty, repel missiles
A: negative energy resistance 1, electricity resistance, unbreathing,
petrification resistance, rot immunity, AC +8
a: Upheaval, Elemental Force, Renounce Religion, Evoke Flight


You were on level 12 of the Dungeon.
You worshipped Qazlal.
Qazlal was greatly pleased with you.
You were not hungry.

You visited 2 branches of the dungeon, and saw 13 of its levels.

You collected 622 gold pieces.
You spent 192 gold pieces at shops.

Inventory:

Hand Weapons
 b - a +0 morningstar
 C - the +6 mace "Foun Jia" (weapon) {vorpal, rElec rC+ rN++ Dex-2}
   (You found it on level 6 of the Dungeon)

   It inflicts extra damage upon your enemies.
   It affects your dexterity (-2).
   It protects you from cold.
   It insulates you from electricity.
   It greatly protects you from negative energy.
Armour
 c - a +0 kite shield (worn)
 k - a +0 pair of boots (worn)
 p - a +2 helmet of see invisible (worn)
 K - the +5 scale mail "Qij Xumm" (worn) {+Fly MP+9 Str+2}
   (You found it on level 8 of the Dungeon)

   It affects your strength (+2).
   It affects your magic capacity (+9).
   It lets you fly.
 O - a +2 chain mail of fire resistance
 R - a +0 cloak (worn)
Jewellery
 j - an amulet of guardian spirit (around neck)
 q - an uncursed amulet of regeneration
 w - the ring of Mistrust {rPois rCorr Stlth+}
   (You found it on level 5 of the Dungeon)

   [ring of resist corrosion]

   It protects you from poison.
   It provides partial protection from all sources of acid and corrosion.
   It makes you more stealthy.
 B - a +6 ring of strength (right hand)
 D - the ring of Firawacs {Fire rElec rPois Str+5 Int-5}
   (You found it on level 6 of the Dungeon)

   [ring of fire]

   It enhances your fire magic.
   It affects your strength (+5).
   It affects your intelligence (-5).
   It protects you from fire.
   It makes you vulnerable to cold.
   It insulates you from electricity.
   It protects you from poison.
 I - a +6 ring of dexterity (left hand)
 Q - an uncursed ring of protection from cold
Wands
 a - a wand of disintegration (35)
 y - a wand of iceblast (10)
 F - a wand of paralysis (11)
 J - a wand of flame (36)
Scrolls
 e - 8 scrolls of teleportation
 g - 2 scrolls of blinking
 l - 2 scrolls of enchant weapon
 r - 5 scrolls of remove curse
 s - a scroll of immolation
 v - 5 scrolls of magic mapping {unknown}
 x - a scroll of fog {unknown}
 z - a scroll of acquirement {unknown}
 G - a scroll of amnesia {unknown}
 H - 2 scrolls of enchant armour {unknown}
 P - 4 scrolls of identify
Potions
 d - a potion of might
 h - a potion of berserk rage
 i - 7 potions of curing
 m - 2 potions of stabbing
 n - a potion of magic {unknown}
 o - 3 potions of heal wounds {unknown}
 t - a potion of cancellation {unknown}
 A - a potion of ambrosia
 E - 3 potions of lignification {unknown}
 L - 2 potions of resistance
 M - a potion of mutation
 N - 2 potions of brilliance {unknown}
Comestibles
 f - 33 rations


   Skills:
 + Level 8.3 Fighting
 + Level 12.3 Maces & Flails
 + Level 8.5 Armour
 - Level 0.8 Dodging
 + Level 12.2 Shields
 * Level 5.6 Invocations
 + Level 0.1 Evocations


You had 11 spell levels left.
You didn't know any spells.
Your spell library contained the following spells:

 Spells                   Type           Power        Failure   Level  Hunger
 Beastly Appendage        Tmut           #.....       67%         1    ##.....
 Freeze                   Ice            #...         67%         1    ##.....
 Infusion                 Chrm           #...         67%         1    ##.....
 Magic Dart               Conj           #...         67%         1    ##.....
 Shock                    Conj/Air       #...         67%         1    ##.....
 Shroud of Golubria       Chrm/Tloc      #.....       82%         2    ###....
 Song of Slaying          Chrm           #.......     82%         2    ###....
 Sticks to Snakes         Tmut           #.......     82%         2    ###....
 Swiftness                Chrm/Air       #.......     82%         2    ###....
 Frozen Ramparts          Ice            #.....       96%         3    ####...
 Ozocubu's Armour         Chrm/Ice       #.......     96%         3    ####...
 Spectral Weapon          Hex/Chrm       #.......     96%         3    ####...
 Spider Form              Tmut/Pois      #.........   96%         3    ####...
 Static Discharge         Conj/Air       #.......     96%         3    ####...
 Airstrike                Air            #.........   100%        4    #####..
 Hailstorm                Conj/Ice       #.......     100%        4    #####..
 Ice Form                 Ice/Tmut       #.......     100%        4    #####..
 Summon Ice Beast         Ice/Summ       #.......     100%        4    #####..
 Blade Hands              Tmut           #.........   100%        5    ######.
 Lightning Bolt           Conj/Air       #.........   100%        5    ######.


Dungeon Overview and Level Annotations

Branches:
Dungeon (12/15)            Temple (1/1) D:6            Lair (0/6) D:10
    Orc (0/2) D:9

Altars:
Ashenzari
Cheibriados
Dithmenos
Elyvilon
Fedhas
Gozag
Hepliaklqana
Kikubaaqudgha
Makhleb
Nemelex Xobeh
Okawaru
Qazlal
Ru
Sif Muna
Trog
Uskayaw
Vehumet
Wu Jian
Xom
Yredelemnul
Zin
The Shining One

Shops:
D:6 *   D:10 *   D:11 }*(::

Annotations:
D:12 2 runed translucent doors, Azrael


Innate Abilities, Weirdness & Mutations

You are resistant to torment.
Your stone body is resilient. (AC +8)
You are immune to poison.
You resist negative energy. (rN+)
You are resistant to electric shocks. (rElec)
You can survive without breathing.
You are immune to petrification.
You are immune to rotting.


Message History

You hit Azrael.
Azrael is lightly wounded.
Azrael hits you with a +2 scimitar of flaming.
Azrael burns you.
You completely miss Azrael.
Azrael is lightly wounded.
You feel very mighty all of a sudden. Azrael hits you but does no damage.
You sock Azrael!
Azrael is lightly wounded.
Azrael gestures at you.
The sphere of damnation explodes!
The damnation engulfs you!!
* * * LOW HITPOINT WARNING * * *
The damnation engulfs Azrael.
Azrael completely resists.
You hear a horrible gurgling sound!
You hit Azrael.
Azrael is moderately wounded.
Azrael gestures at you.
The sphere of damnation explodes!
The damnation engulfs you!!
You die...

#.........#..#.+
#.....z.###..#.#
##..##..##...!.#
#..#...☼.....##
####..#......## ##
#..###......#
##.###...#)......# .....
#...#....#.§.....###....
#.......○§@R.......#... #
#......[○°........##.....#
#........☼.○°........ ..##
#.......<.#.......#.##.....
###....#####....#..........
##...# #.(.###h.#####.#
#..## ##........#.##.# ##.#
#...........(†. ###
#..##..........


You could see Azrael.

Vanquished Creatures
  Harold (D:9)
  Erolcha (D:9)
  A two-headed ogre (D:10)
  An unseen horror (D:11)
  The ghost of toph the Cleaver, a novice HOFi of Okawaru (D:6)
  4 ugly things
  3 cyclopes
  A centaur zombie (D:12)
  A troll (D:9)
  A hippogriff (D:10)
  Sigmund (D:2)
  A vampire (D:11)
  A wyvern (D:9)
  8 yaks
  A fire elemental (D:11)
  A basilisk (D:10)
  Edmund (D:4)
  A soldier ant (D:11)
  A water moccasin (D:10)
  6 hell hounds
  3 black bears
  4 ice beasts (D:6)
  4 orc warriors
  5 sky beasts
  13 ogres
  2 necrophages
  2 phantoms
  9 centaurs
  A crocodile (D:10)
  A big kobold (D:10)
  12 bullfrogs
  A water moccasin zombie (D:10)
  4 scorpions
  13 wights
  4 killer bees (D:10)
  A howler monkey (D:10)
  7 crimson imps
  A bullfrog zombie (D:11)
  A quasit (D:10)
  7 hounds
  5 jellies
  10 orc priests
  3 bullfrog skeletons
  6 iguanas
  16 orc wizards
  6 worker ants
  A hound zombie (D:5)
  A howler monkey zombie (D:8)
  A worker ant zombie (D:5)
  Robin (D:2)
  14 adders
  3 shadow imps
  3 white imps (D:6)
  3 worms
  An adder zombie (D:5)
  7 leopard geckos
  61 orcs
  A ball python (D:4)
  3 giant cockroaches
  20 goblins
  9 hobgoblins
  10 jackals
  15 kobolds
  4 quokkas
  7 bats
  3 frilled lizards
  A jackal simulacrum (D:6)
  A leopard gecko skeleton (D:5)
  A quokka skeleton (D:9)
  12 rats
361 creatures vanquished.

Vanquished Creatures (others)
  A wyvern zombie (D:12)
  A wight (D:12)
  A quokka (D:6)
  3 fungi (D:10)
6 creatures vanquished.

Grand Total: 367 creatures vanquished

Notes
Turn   | Place    | Note
-------+----------+-------------------------------------------
     0 | D:1      | McKennaii the Gargoyle Fighter began the quest for the Orb.
     0 | D:1      | Reached XP level 1. HP: 14/14 MP: 1/1
   138 | D:1      | Reached XP level 2. HP: 18/19 MP: 2/2
   456 | D:1      | Found a shimmering altar of Xom.
   685 | D:2      | Reached XP level 3. HP: 22/23 MP: 3/3
   817 | D:2      | Noticed Robin
   820 | D:2      | Noticed Sigmund
  1121 | D:2      | Killed Robin
  1121 | D:2      | Reached XP level 4. HP: 28/28 MP: 4/4
  1190 | D:2      | Killed Sigmund
  1190 | D:2      | Reached XP level 5. HP: 13/33 MP: 2/5
  1190 | D:2      | Reached XP level 6. HP: 16/38 MP: 2/6
  1430 | D:2      | Found a burning altar of Makhleb.
  2075 | D:3      | Found a bloodstained altar of Trog.
  2514 | D:3      | Found a radiant altar of Vehumet.
  2516 | D:3      | Identified Vehumet's Volume of Attacks
  2519 | D:3      | Found an ancient bone altar of Kikubaaqudgha.
  2520 | D:3      | Found a shimmering blue altar of Sif Muna.
  2777 | D:4      | Reached skill level 5 in Shields
  2977 | D:4      | Noticed Edmund
  2986 | D:4      | Killed Edmund
  2986 | D:4      | Reached skill level 5 in Maces & Flails
  2986 | D:4      | Reached XP level 7. HP: 43/43 MP: 7/7
  3352 | D:5      | Entered Level 5 of the Dungeon
  3357 | D:5      | Got a smoking lead ring
  3358 | D:5      | Identified the ring of Mistrust {rPois rCorr Stlth+} (You
                  | found it on level 5 of the Dungeon)
  3990 | D:5      | Reached XP level 8. HP: 46/48 MP: 6/8
  4100 | D:5      | Reached skill level 5 in Armour
  4844 | D:6      | Found a staircase to the Ecumenical Temple.
  4866 | Temple   | Entered the Ecumenical Temple
  5151 | D:6      | Found a bloodstained altar of Trog.
  5216 | D:6      | Noticed toph's ghost (novice HOFi)
  5237 | D:6      | Found a runed translucent gate.
  5237 | D:6      | Found a runed translucent gate.
  5237 | D:6      | Found a runed translucent gate.
  5271 | D:6      | Found a white marble altar of Elyvilon.
  5416 | D:6      | Reached skill level 5 in Fighting
  5475 | D:6      | Found Zil Hian's General Store.
  5722 | D:6      | Reached XP level 9. HP: 53/54 MP: 7/9
  5982 | D:6      | Got a brightly glowing mace
  5983 | D:6      | Identified the +6 mace "Foun Jia" {vorpal, rElec rC+ rN++
                  | Dex-2} (You found it on level 6 of the Dungeon)
  6193 | D:6      | Killed toph's ghost
  6237 | D:6      | Got the ring of Firawacs {Fire}
  6348 | D:6      | Identified the ring of Firawacs {Fire rElec rPois Str+5
                  | Int-5} (You found it on level 6 of the Dungeon)
  6893 | D:7      | Found a white marble altar of Elyvilon.
  7056 | Temple   | Became a worshipper of Qazlal Stormbringer
  7300 | D:7      | Found an ornate altar of the Wu Jian Council.
  7714 | D:7      | Found an iron altar of Okawaru.
  7795 | D:8      | Reached XP level 10. HP: 60/60 MP: 10/10
  8011 | D:8      | Got a transparent scale mail
  8022 | D:8      | Identified the +5 scale mail "Qij Xumm" {+Fly MP+9 Str+2}
                  | (You found it on level 8 of the Dungeon)
  8224 | D:8      | Reached * piety under Qazlal
  8683 | D:9      | Found a staircase to the Orcish Mines.
  8733 | D:9      | Reached skill level 10 in Maces & Flails
  8748 | D:9      | Noticed Erolcha
  8759 | D:9      | Killed Erolcha
  8759 | D:9      | Reached ** piety under Qazlal
  9595 | D:9      | Noticed Harold
  9611 | D:9      | Killed Harold
  9611 | D:9      | Reached skill level 10 in Shields
  9611 | D:9      | Reached skill level 1 in Invocations
  9611 | D:9      | Reached XP level 11. HP: 67/67 MP: 12/12
  9784 | D:10     | Entered Level 10 of the Dungeon
  9861 | D:10     | Noticed a cyan ugly thing
  9880 | D:10     | Killed a cyan ugly thing
 10217 | D:10     | Noticed a two-headed ogre
 10224 | D:10     | Killed a two-headed ogre
 10256 | D:10     | Reached *** piety under Qazlal
 10270 | D:10     | Found a staircase to the Lair.
 10341 | D:10     | Found Beukump's General Store.
 10661 | D:11     | Found Jaomuz's Gadget Shoppe.
 10662 | D:11     | Noticed a red ugly thing
 10683 | D:11     | Killed a red ugly thing
 10687 | D:11     | Found Pewnif's General Store.
 10695 | D:11     | Bought a potion of mutation for 88 gold pieces
 10695 | D:11     | Bought a scroll of identify for 22 gold pieces
 10695 | D:11     | Bought a potion of curing for 33 gold pieces
 10695 | D:11     | Bought a +0 cloak for 49 gold pieces
 10874 | D:11     | Reached **** piety under Qazlal
 10889 | D:11     | Identified the +5 hand axe of Generosity {speed, rF+ MP+9
                  | Dex+2}
 10891 | D:11     | Found Xasuenue's Antique Weapon Shoppe.
 10900 | D:11     | Noticed a cyclops
 10915 | D:11     | Killed a cyclops
 11034 | D:11     | Noticed a cyclops
 11037 | D:11     | Found Vuesoyh's Book Shoppe.
 11041 | D:11     | Noticed an unseen horror
 11047 | D:11     | Killed a cyclops
 11047 | D:11     | Reached XP level 12. HP: 63/73 MP: 15/15
 11503 | D:11     | Found Wusughucs's Book Boutique.
 11726 | D:12     | Reached skill level 5 in Invocations
 11807 | D:12     | Noticed Azrael
 11925 | D:12     | Found a runed translucent gate.
 11925 | D:12     | Found a runed translucent gate.
 12094 | D:12     | Killed from afar by Azrael

Illustrated notes

Levels and vault maps discovered:
D:1:      dpeg_arrival_boxes_within_box, layout_rooms, xom_teletrap_fun
D:2:      layout_basic, lemuel_doored_altar, uniq_sigmund, uniq_robin
D:3:      layout_loops_ring, grunt_temple_overflow_magic_moments, first_ration,
          skrybe_limestone_x, bloody_trog
D:4:      layout_basic, uniq_edmund
D:5:      layout_basic
D:6:      layout_basic, marbit_many_paths, elyvilon_altar_4,
          minmay_temple_entry_offerings, gammafunk_ghost_icy, serial_shops,
          nicolae_shop_waterfront
D:7:      layout_layer_cave, lemuel_round_altar, okawaru_altar_gauntlet_db,
          basic_altar, grunt_ogre_cave
D:8:      layout_loops_corners
D:9:      layout_basic, david_orc_2, uniq_erolcha, uniq_harold
D:10:     layout_cave_pools, david_lair_generic, serial_shops,
          nicolae_shop_waterfront
D:11:     layout_grid_maze, serial_shops, nicolae_shop_crystal, shop,
          shop_fountains, nicolae_shop_behind_doors, shop
D:12:     layout_cave_pools, ploomutoo_gammafunk_ghost_potion_laboratory,
          minmay_increasing_density, uniq_azrael
Temple:   dpeg_chambers_temple

Skill      XL: |  1  2  3  4  5  6  7  8  9 10 11 12 |
---------------+-------------------------------------+-----
Fighting       | 4 5 6 7 8 |  8.3
Maces & Flails | 4 5 6 7 9 11 12 | 12.3
Armour         | 4 6 7 8 |  8.5
Shields        | 4 5 7 8 10 11 12 | 12.2
Invocations    | 1 4 5 |  5.6
Dodging        | |  0.8
Evocations     | |  0.1

Action                   |  1- 3 |  4- 6 |  7- 9 | 10-12 || total
-------------------------+-------+-------+-------+-------++-------
Melee: Flail             |   125 |   250 |   191 |       ||   566
       Morningstar       |       |    68 |    21 |       ||    89
       Mace              |       |       |   116 |   631 ||   747
Evoke: Wand              |       |       |       |     1 ||     1
  Use: Potion            |       |     2 |       |     1 ||     3
       Scroll            |       |     5 |     1 |     7 ||    13
  Eat: Chunk             |     1 |     7 |    15 |    15 ||    38
Armor: Scale mail        |    88 |       |       |   221 ||   309
       Chain mail        |     2 |   216 |   175 |    15 ||   408
Dodge: Dodged            |    48 |   102 |    71 |   175 ||   396
       Repelled          |       |       |       |     3 ||     3
Block: Kite shield       |    66 |   205 |   176 |   536 ||   983
